 Dungeon Crawl Stone Soup version 0.30-a0-165-g1891117ce2 (webtiles) character file.

Game seed: 1244253305358186373

426 themarg the Changer (level 6, 0/52 HPs)
             Began as a Draconian Transmuter on Sept 28, 2022.
             Slain by a sky beast (6 damage)
             ... on level 5 of the Dungeon on Sept 29, 2022.
             The game lasted 00:10:56 (2895 turns).

themarg the Changer (Draconian Transmuter)          Turns: 2895, Time: 00:10:57

Health: 0/52       AC:  2    Str: 13    XL:     6   Next: 64%
Magic:  9/11       EV: 20    Int: 15    God:
Gold:   375        SH:  0    Dex: 22    Spells: 6/12 levels left

rFire   . . .      SeeInvis .      - Unarmed
rCold   . . .      Faith    .    (shield currently unavailable)
rNeg    . . .      Spirit   .    (body armour unavailable)
rPois   x          Reflect  .    (helmet currently unavailable)
rElec   .          Harm     .    (cloak currently unavailable)
rCorr   +          Rampage  .    (gloves currently unavailable)
Will    .....                    (boots currently unavailable)
Stlth   ++........               (no amulet)
HPRegen 0.17/turn                j - +6 ring of dexterity
MPRegen 0.12/turn                q - ring of resist corrosion

@: spider-form (expiring), marked
A: venomous fangs, AC +6, tiny, unfitting armour, (cold-blooded)
a: End Transformation


You were on level 5 of the Dungeon.
You were a venomous arachnid creature.
You visited 1 branch of the dungeon, and saw 5 of its levels.

You collected 375 gold pieces.

Inventory:

Hand Weapons
 h - a +2 short sword of venom (melded)
Missiles
 b - 3 poisoned darts
Magical Staves
 f - a staff of air
Jewellery
 j - a +6 ring of dexterity (left front leg)
 q - a ring of resist corrosion (right front leg)
 r - an amulet of reflection
Scrolls
 d - a scroll of blinking {unknown}
 e - a scroll of immolation {unknown}
 g - a scroll of amnesia {unknown}
 i - 3 scrolls of identify
 m - a scroll of magic mapping {unknown}
 p - a scroll of noise
 s - a scroll of enchant weapon {unknown}
 t - a scroll of brand weapon {unknown}
 v - a scroll of silence {unknown}
 w - a scroll of butterflies {unknown}
Potions
 a - 3 potions of lignification
 c - a potion of attraction {unknown}
 k - a potion of cancellation {unknown}
 l - a potion of heal wounds {unknown}
 n - 2 potions of invisibility
 o - a potion of curing {unknown}
 u - a potion of flight {unknown}
 x - a potion of haste {unknown}


   Skills:
 + Level 3.8 Fighting
 - Level 2.0 Dodging
 - Level 2.0 Stealth
 - Level 3.0 Unarmed Combat
 + Level 3.5 Spellcasting
 * Level 4.7 Transmutations


You had 6 spell levels left.
You knew the following spells:

 Your Spells              Type           Power      Damage    Failure   Level
a - Beastly Appendage     Tmut           32%        N/A       10%         1
b - Wereblood             Tmut           16%        N/A       13%         2
c - Spider Form           Tmut/Pois      9%         N/A       43%         3

Your spell library contained the following spells:

 Spells                   Type           Power      Damage    Failure   Level
 Foxfire                  Conj/Fire      8%         2x1d4     38%         1
 Inner Flame              Hex/Fire       2%         N/A       71%         3
 Ice Form                 Ice/Tmut       9%         N/A       77%         4
 Flame Wave               Conj/Fire      2%         2d4       96%         4
 Sticky Flame             Conj/Fire      2%         2d3       96%         4


Dungeon Overview and Level Annotations

Branches:
Dungeon (5/15)
 Temple: D:4-7

Altars:
Fedhas
Hepliaklqana
Qazlal
Ru

Shops:
D:1 (

Annotations:
D:3 2 transporters, 1 runed translucent door, exclusion: door, osoart's ghost, amateur DjFE
D:5 Edmund


Innate Abilities, Weirdness & Mutations

You are a venomous arachnid creature.
You have poisonous fangs.
You are tiny and dextrous.
Your spellcasting is less reliable in this form.
Your armour is entirely melded.
You are incapable of wielding weapons or throwing items.
((Your plain brown scales are hard. (AC +6)))
You cannot fit into any form of body armour.
((You are cold-blooded and may be slowed by cold attacks.))


Message History

You closely miss the hound.
The hound is lightly wounded.
The hound closely misses you.
The sky beast flickers out of sight!
Deactivating autopickup; reactivate with Ctrl-A.
Something barely misses you. The hound closely misses you.
You hit something but do no damage.
The orc priest looks encouraged for a moment.
Something hits you. Something shocks you. The hound barely misses you.
You hit the hound but do no damage.
The hound looks as sick as possible!
The hound is heavily wounded.
Your transformation is almost over.
The hound completely misses you.
A sky beast appears from thin air!
Reactivating autopickup.
The sky beast completely misses you.
You hit the orc priest but do no damage.
The orc priest is poisoned.
You kill the hound!
The orc priest invokes the aid of Beogh against you.
Beogh smites you! The sky beast misses you.
You hit the orc.
You kill the orc!
The sky beast misses you.
The orc priest invokes the aid of Beogh against you.
Beogh smites you!
* * * LOW HITPOINT WARNING * * *
Edmund the Younger comes into view.
He is wielding a +0 dire flail of protection and carrying a wand of light (15).
You hit the orc.
The orc is poisoned.
The orc is heavily wounded.
The sky beast closely misses you.
As you read the scroll labelled HES NOERHE, it crumbles to dust.
You hear a loud clanging noise!
It was a scroll of noise.
You kill the orc!
The sky beast flickers out of sight!
Deactivating autopickup; reactivate with Ctrl-A.
Something hits you but does no damage.
You barely miss something. Something hits you.
* * * LOW HITPOINT WARNING * * *
Something shocks you.
You die...

########### #.........# #####
##.........# ....# ##..........#
....# #.........###### ....#
#.........####.### ....#####
#.....)...##..#..######
........###.....s{o...#...#.....#
.###....#......###o.#...#...#....
.# #....#......##.#...#...#...#..
.# #....#......##...#...#...#....
.# #....#....####.#...#...#...#..
.# #....#...........#...#...#....
.# #....#.........#...#...#...#..
## #................#...#...#....
#..............#...#...#...#..


You could see an orc priest (poisoned) and an orc wizard.

Vanquished Creatures
  Sigmund (D:3)
  A phantom (D:5)
  A hound (D:5)
  6 adders
  A white imp (D:4)
  3 worms (D:2)
  A dart slug (D:4)
  5 orcs
  5 ball pythons
  5 bats
  10 endoplasms
  2 giant cockroaches (D:1)
  10 goblins
  5 hobgoblins
  3 jackals (D:3)
  9 kobolds
  2 quokkas
  3 frilled lizards
  4 rats
77 creatures vanquished.

Vanquished Creatures (others)
  2 plants (D:3)
2 creatures vanquished.

Grand Total: 79 creatures vanquished

Notes
Turn   | Place    | Note
-------+----------+-------------------------------------------
     0 | D:1      | themarg the Draconian Transmuter began the quest for the
                  | Orb.
     0 | D:1      | Reached XP level 1. HP: 16/16 MP: 3/3
    65 | D:1      | Found Wihesh's Weapon Shop.
    68 | D:1      | Found a faded altar of an unknown god.
   116 | D:1      | Reached XP level 2. HP: 19/23 MP: 1/5
   166 | D:1      | Learned a level 2 spell: Wereblood
   514 | D:1      | Reached skill level 1 in Stealth
   673 | D:2      | Reached XP level 3. HP: 28/29 MP: 4/6
  1269 | D:2      | Reached XP level 4. HP: 33/36 MP: 4/7
  1313 | D:2      | Learned a level 3 spell: Spider Form
  1524 | D:3      | Found a transporter.
  1532 | D:3      | Reached skill level 3 in Transmutations
  1535 | D:3      | Found a transporter.
  1540 | D:3      | Noticed a water moccasin
  1543 | D:3      | Found a hazy altar of Hepliaklqana.
  1573 | D:3      | Found a runed translucent door.
  1575 | D:3      | Noticed a bullfrog
  1581 | D:3      | Noticed osoart's ghost (amateur DjFE)
  1866 | D:3      | Noticed Sigmund
  1876 | D:3      | Killed Sigmund
  1877 | D:3      | Reached skill level 4 in Transmutations
  1877 | D:3      | Reached XP level 5. HP: 34/45 MP: 5/9
  1877 | D:3      | Reached XP level 6. HP: 38/51 MP: 5/10
  1955 | D:3      | Found a blossoming altar of Fedhas.
  2268 | D:4      | Found a sacrificial altar of Ru.
  2451 | D:4      | Found a stormy altar of Qazlal.
  2711 | D:5      | Entered Level 5 of the Dungeon
  2881 | D:5      | Noticed a sky beast
  2892 | D:5      | Noticed Edmund
  2895 | D:5      | Slain by a sky beast

Illustrated notes

Levels and vault maps discovered:
D:1:      spicycebolla_green_bress_n_ham, layout_rooms, serial_shops, shop,
          ebering_ecumenical_altar_sacrificial
D:2:      layout_basic
D:3:      cheibrodos_old_hovel, layout_rooms, gammafunk_temple_overflow_arena,
          mainiacjoe_overflow_small_starburst, ebering_ghost_sewer_d,
          minivault_27, hangedman_decor_clover_reticule, columned_hall_lemuel,
          uniq_sigmund
D:4:      layout_rooms, mainiacjoe_overflow_alcove_4, overflow_temple_1_default
D:5:      layout_basic, okawaru_metal_pillars_1_2, nicolae_wu_jian_wuxing_cycle,
          makhleb_heckhound_becter, amcnicky_mini_corridor_feature, hex_medium,
          grunt_decor_one_mirror, uniq_edmund

Skill      XL: |  1  2  3  4 |
---------------+-------------+-----
Dodging        | 2 |  2.0
Stealth        | 1 2 |  2.0
Fighting       | 2 3 |  3.8
Transmutations | 4 |  4.7
Spellcasting   | 3 |  3.5
Unarmed Combat | |  3.0

Action                   |  1- 3 |  4- 6 || total
-------------------------+-------+-------++-------
Melee: Unarmed           |    51 |    33 ||    84
       Kick              |    19 |    21 ||    40
       Headbutt          |     9 |     5 ||    14
       Tailslap          |     8 |     7 ||    15
       Short sword       |    31 |    75 ||   106
       Dagger            |     2 |       ||     2
       Punch             |       |     2 ||     2
 Cast: Beastly Appendage |    25 |    20 ||    45
       Wereblood         |     1 |     2 ||     3
       Spider Form       |       |     3 ||     3
  Use: Scroll            |       |     2 ||     2
 Stab: Sleeping          |     2 |       ||     2
Armor: Skin              |    21 |    23 ||    44
Dodge: Dodged            |    48 |    70 ||   118

Table legend: (Time is in decaauts)
 A = Elapsed time spent in this place.
 B = Non-inter-level travel time spent in this place.
 C = Inter-level travel time spent in this place.
 D = Time resting spent in this place.
 E = Time spent auto-exploring this place.
 F = Levels seen in this place.
 G = Mean time per level.
                   A        B        C        D        E       F      G
               +--------+--------+--------+--------+--------+-----+--------+
         Total |   2892 |   2805 |     87 |    401 |   1635 |   5 |  578.4 |
       Dungeon |   2892 |   2805 |     87 |    401 |   1635 |   5 |  578.4 |
               +--------+--------+--------+--------+--------+-----+--------+

Top non-repeatable levels by time:
     D:2: 893 daAuts
     D:3: 718 daAuts
     D:1: 631 daAuts
     D:4: 467 daAuts
     D:5: 182 daAuts
